 Dungeon Crawl Stone Soup version 0.22.1-1-ga44c0e5 (webtiles) character file.

170 Curus the Poker (level 5, -19/60 HPs)
             Began as a Minotaur Berserker on Oct 20, 2018.
             Was a Believer of Trog.
             Demolished by an ogre
             ... wielding a +0 giant spiked club
              (26 damage)
             ... on level 4 of the Dungeon.
             The game lasted 00:08:09 (1605 turns).

Curus the Poker (Minotaur Berserker)                Turns: 1605, Time: 00:08:10

Health: -19/60     AC:  6    Str: 29    XL:     5   Next: 25%
Magic:  4/4        EV: 12    Int:  5    God:    Trog [**....]
Gold:   144        SH:  0    Dex: 13    Spells: 4/4 levels left

rFire    + . .     SeeInvis .   a - +0 spear
rCold    . . .     Gourm    .   (no shield)
rNeg     . . .     Faith    .   f - +1 ring mail {rF+}
rPois    .         Spirit   .   (helmet restricted)
rElec    .         Reflect  .   (no cloak)
rCorr    .         Harm     .   (no gloves)
MR       .....                  (no boots)
Stlth    ..........             (no amulet)
HPRegen  0.20/turn              (no ring)
MPRegen  0.09/turn              (no ring)

@: berserking, very quick
A: retaliatory headbutt, horns 2, thin skeletal structure 2, frail 1, strong 1
a: Berserk, Trog's Hand, Renounce Religion


You were on level 4 of the Dungeon.
You worshipped Trog.
Trog was pleased with you.
You were very hungry.

You visited 1 branch of the dungeon, and saw 4 of its levels.

You collected 144 gold pieces.

Inventory:

Hand Weapons
 a - a +0 spear (weapon)
Armour
 b - a +0 animal skin
 e - a +0 ring mail
 f - a +1 ring mail of fire resistance (worn)
Wands
 g - a wand of random effects (28)
Scrolls
 h - a scroll of identify
Potions
 d - a potion of heal wounds
Comestibles
 c - 8 rations


   Skills:
 - Level 3.6 Fighting
 + Level 7.2 Polearms
 - Level 2.4 Armour
 - Level 2.1 Dodging


You had 4 spell levels left.
You didn't know any spells.
Your spell library was empty.

Dungeon Overview and Level Annotations

Branches:
Dungeon (4/15)
 Temple: D:4-7

Altars:


Innate Abilities, Weirdness & Mutations

You reflexively headbutt those who attack you in melee.
You have a pair of horns on your head.
You have a moderately thin skeletal structure. (Dex +4, Stealth+)
You are frail. (-10% HP)
Your muscles are strong. (Str +2)


Message History

You hit the leopard gecko.
You kill the leopard gecko!
Trog accepts your kill.
Found a scroll labeled HUFREGEIPS.
You see here a leopard gecko corpse.
You hit the ogre.
The ogre is moderately wounded.
The ogre hits you with a giant spiked club!
You barely miss the ogre. You headbutt the ogre.
The ogre is moderately wounded.
You puncture the ogre!
The ogre is severely wounded.
The ogre hits you with a giant spiked club!!
Ouch! That really hurt!
* * * LOW HITPOINT WARNING * * *
A red film seems to cover your vision as you go berserk!
You feel yourself moving faster!
You feel mighty!
You are feeling very hungry.
The ogre hits you with a giant spiked club!!
You die...

#.. ......
###..##.....#
##...........
#..........###
#.#...........
............#
#..O.....?.
#..@#.# #
#...#.##..#
#..........
##(<......#
#........#
##.......#
#.......#
###.##..# .#
..#


You could see an ogre.

Vanquished Creatures
  Jessica (D:2)
  Natasha (D:2)
  3 adders (D:2)
  3 gnolls (D:3)
  A dart slug (D:2)
  A leopard gecko (D:4)
  4 orcs (D:3)
  3 bats
  2 giant cockroaches (D:1)
  10 goblins
  7 hobgoblins
  7 kobolds
  2 quokkas
  4 frilled lizards (D:2)
  8 rats
57 creatures vanquished.

Notes
Turn   | Place    | Note
-------+----------+-------------------------------------------
     0 | D:1      | Curus the Minotaur Berserker began the quest for the Orb.
     0 | D:1      | Reached XP level 1. HP: 19/19 MP: 0/0
    94 | D:1      | Reached skill level 4 in Polearms
   118 | D:1      | Reached XP level 2. HP: 26/26 MP: 1/1
   349 | D:1      | Reached skill level 5 in Polearms
   464 | D:1      | Reached XP level 3. HP: 31/31 MP: 2/2
   537 | D:2      | Reached ** piety under Trog
   760 | D:2      | Noticed Jessica
   776 | D:2      | Killed Jessica
   776 | D:2      | Reached skill level 6 in Polearms
   776 | D:2      | Reached XP level 4. HP: 32/39 MP: 3/3
   864 | D:2      | Noticed Natasha
   879 | D:2      | Killed Natasha
  1208 | D:3      | Reached skill level 7 in Polearms
  1208 | D:3      | Reached XP level 5. HP: 40/45 MP: 4/4
  1558 | D:3      | Gained mutation: Your muscles are strong. (Str +2) [potion
                  | of mutation]
  1558 | D:3      | Gained mutation: You are frail. (-10% HP) [potion of
                  | mutation]
  1558 | D:3      | Gained mutation: You have a somewhat thin skeletal
                  | structure. (Dex +2, Stealth) [potion of mutation]
  1558 | D:3      | Gained mutation: You have a moderately thin skeletal
                  | structure. (Dex +4, Stealth+) [potion of mutation]
  1597 | D:4      | Noticed an ogre
  1605 | D:4      | Demolished by an ogre

Skill      XL: |  1  2  3  4 |
---------------+-------------+-----
Polearms       | 4 5 6 7 |  7.2
Fighting       | |  3.6
Armour         | |  2.4
Dodging        | |  2.1

Action                   |  1- 3 |  4- 6 || total
-------------------------+-------+-------++-------
Melee: Spear             |    77 |    80 ||   157
       Headbutt          |     5 |    10 ||    15
Invok: Berserk           |       |     1 ||     1
  Use: Scroll            |     2 |     1 ||     3
       Potion            |     1 |     4 ||     5
  Eat: Chunk             |       |     2 ||     2
Armor: Animal skin       |     1 |       ||     1
       Ring mail         |     8 |    13 ||    21
Dodge: Dodged            |    27 |    26 ||    53
